 Dungeon Crawl Stone Soup version 0.29.1-1-gd02db6906a (webtiles) character file.

Game seed: 17507399409618005958

1 RascalDebosk the Conjurer (level 1, 0/14 HPs)
             Began as a Draconian Conjurer on Oct 8, 2022.
             Killed from afar by a dart slug (4 damage)
             ... with a slug dart
             ... on level 1 of the Dungeon.
             The game lasted 00:01:50 (59 turns).

RascalDebosk the Conjurer (Draconian Conjurer)        Turns: 59, Time: 00:01:51

Health: 0/14       AC:  4    Str:  9    XL:     1   Next: 16%
Magic:  0/3        EV: 12    Int: 18    God:
Gold:   0          SH:  0    Dex:  9    Spells: 3/4 levels left

rFire   . . .      SeeInvis .   (no weapon)
rCold   . . .      Faith    .   (no shield)
rNeg    . . .      Spirit   .   (body armour unavailable)
rPois   .          Reflect  .   (helmet restricted)
rElec   .          Harm     .   (no cloak)
rCorr   .          Rampage  .   (no gloves)
Will    .....                   (no boots)
Stlth   ++........              (no amulet)
HPRegen 0.04/turn               (no ring)
MPRegen 0.08/turn               (no ring)

@: no status effects
A: AC +4, unfitting armour, cold-blooded
a: no special abilities


You were on level 1 of the Dungeon.
You visited 1 branch of the dungeon, and saw 1 of its levels.

Inventory:

Scrolls
 b - 3 scrolls of butterflies {unknown}
Potions
 a - a potion of magic


   Skills:
 - Level 1.7 Dodging
 + Level 1.8 Stealth
 + Level 2.0 Spellcasting
 + Level 4.0 Conjurations
 + Level 0.0 Hexes
 + Level 0.0 Translocations


You had 3 spell levels left.
You knew the following spells:

 Your Spells              Type           Power      Damage    Failure   Level
a - Magic Dart            Conj           64%        1d6       3%          1

Your spell library contained the following spells:

 Spells                   Type           Power      Damage    Failure   Level
 Searing Ray              Conj           32%        2d5       5%          2
 Dazzling Flash           Conj/Hex       18%        N/A       24%         3
 Fulminant Prism          Conj/Hex       4%         3d6       61%         4
 Iskenderun's Mystic Bla  Conj/Tloc      9%         2d4       61%         4


Dungeon Overview and Level Annotations

Branches:
Dungeon (1/15)

Altars:


Innate Abilities, Weirdness & Mutations

Your plain brown scales are hard. (AC +4)
You cannot fit into any form of body armour.
You are cold-blooded and may be slowed by cold attacks.


Message History

Lua error: /dgldir/rcfiles/crawl-0.29/RascalDebosk.rc:335: '' expected near 'end' Welcome, RascalDebosk the Draconian Conjurer.
Will you be the one to retrieve the incredible Orb of Zot from the depths?
Press ? for a list of commands and other information.
Found 3 scrolls labelled WETTIMAATT.
Found a staircase leading out of the dungeon.
Found an escape hatch in the floor.
b - 3 scrolls labelled WETTIMAATT A giant cockroach comes into view.
Aiming: Magic Dart (safe; 3% risk of failure)
Press: ? - help, Q - select action Shift-Dir - straight line, f - giant cockroach
Aim: a giant cockroach (asleep, 100% to hit)
The magic dart hits the giant cockroach.
You kill the giant cockroach!
Magic restored.
A dart slug comes into view.
Aiming: Magic Dart (safe; 3% risk of failure)
Press: ? - help, Q - select action Shift-Dir - straight line, f - dart slug
Aim: a dart slug (asleep, 100% to hit)
The magic dart hits the dart slug.
The dart slug is moderately wounded.
The dart slug launches a dart at you.
The slug dart hits you but does no damage.
Aiming: Magic Dart (safe; 3% risk of failure)
Press: ? - help, Q - select action Shift-Dir - straight line, f/p - dart slug
Aim: a dart slug (moderately wounded, 100% to hit)
The magic dart hits the dart slug.
The dart slug is severely wounded.
Aiming: Magic Dart (safe; 3% risk of failure)
Press: ? - help, Q - select action Shift-Dir - straight line, f/p - dart slug
Aim: a dart slug (severely wounded, 100% to hit)
The magic dart hits the dart slug.
The dart slug is severely wounded.
* * * LOW MAGIC WARNING * * *
You don't have enough magic to cast this spell.
You don't have enough magic to cast this spell.
There is an escape hatch in the floor here.
The dart slug launches a dart at you. The slug dart hits you.
The dart slug launches a dart at you. The slug dart hits you.
* * * LOW HITPOINT WARNING * * *
Aiming: Magic Dart (safe; 3% risk of failure)
Press: ? - help, Q - select action Shift-Dir - straight line, f/p - dart slug
Aim: a dart slug (heavily wounded, 100% to hit)
The magic dart hits the dart slug.
The dart slug is severely wounded.
* * * LOW MAGIC WARNING * * *
The dart slug launches a dart at you. The slug dart hits you.
* * * LOW HITPOINT WARNING * * *
You start resting.
A dart slug is nearby!
Aiming: Magic Dart (safe; 3% risk of failure)
Press: ? - help, Q - select action Shift-Dir - straight line, f/p - dart slug
Aim: a dart slug (severely wounded, 100% to hit)
The magic dart hits the dart slug.
The dart slug is severely wounded.
* * * LOW MAGIC WARNING * * *
The dart slug launches a dart at you. The slug dart misses you.
The dart slug launches a dart at you. The slug dart misses you.
The dart slug launches a dart at you. The slug dart hits you.
You die...

#...# .. #.#.#
#...#
######.#.######
#.............#
#...w.........#
#......<......#
#.............#
#....@........#
###############


You could see a dart slug.

Vanquished Creatures
  A giant cockroach (D:1)
1 creature vanquished.

Notes
Turn   | Place    | Note
-------+----------+-------------------------------------------
     0 | D:1      | RascalDebosk the Draconian Conjurer began the quest for the
                  | Orb.
     0 | D:1      | Reached XP level 1. HP: 14/14 MP: 3/3
    59 | D:1      | Killed from afar by a dart slug

Illustrated notes

Levels and vault maps discovered:
D:1:      lemuel_arrival_hallway, layout_rooms, st_stairs_8, chequers_garden,
          kennysheep_minor_cross, nicolae_shop_vocational

Action                   || total
-------------------------++-------
 Cast: Magic Dart        ||     6
Armor: Skin              ||     1
Dodge: Dodged            ||     2
